 Dungeon Crawl Stone Soup version 0.32-a0-815-g315f82d515 (webtiles) character file.

Game seed: 5859200500024906225

117334 Kenran the Brawler (level 16, 0/146 HPs)
             Began as a Minotaur Alchemist on Mar 23, 2024.
             Was the Champion of Uskayaw.
             Constricted to death by a naga warrior (9 damage)
             ... on level 2 of the Snake Pit.
             The game lasted 00:45:52 (29196 turns).

Kenran the Brawler (Minotaur Alchemist)            Turns: 29196, Time: 00:45:53

Health: 0/146      AC: 24    Str: 19    XL:     16   Next: 23%
Magic:  0/22       EV:  5    Int: 12    God:    Uskayaw [******]
Gold:   257        SH: 11    Dex: 13    Spells: 16/17 levels left

rFire   . .          .
                       - Unarmed
rCold   . . .        D - +0 kite shield {reflect}
rNeg    . . .        H - +4 scale mail
rPois   .            r - +2 hat
rElec   .            z - +0 cloak
rCorr   .            W - +2 pair of gloves
SInv    .            s - +1 pair of boots
Will    +....        (no amulet) Stlth
                     U - +5 ring of evasion
HPRegen 0.44/turn    F - ring of poison resistance
MPRegen 0.18/turn

%: reflection
@: lethally poisoned (0 -> -30), poison vulnerable, constricted
A: horns 2, retaliatory headbutt
a: Renounce Religion, Stomp, Line Pass, Grand Finale


You were on level 2 of the Snake Pit.
You worshipped Uskayaw.
Uskayaw was aware of your devotion.
You visited 5 branches of the dungeon, and saw 25 of its levels.
You also visited: Bailey.

You collected 2649 gold pieces.
You spent 2392 gold pieces at shops.

Inventory:

Missiles
 j - 8 curare-tipped darts
 k - 2 throwing nets
Armour
 r - a +2 hat (worn)
 s - a +1 pair of boots (worn)
 z - a +0 cloak (worn)
 D - a +0 kite shield of reflection (worn)
 H - a +4 scale mail (worn)
 W - a +2 pair of gloves (worn)
Jewellery
 C - a ring of positive energy
 F - a ring of poison resistance (right hand)
 P - a ring of willpower
 T - a ring of ice
 U - a +5 ring of evasion (left hand)
 X - a ring of wizardry
Wands
 e - a wand of quicksilver (5)
 n - a wand of polymorph (5)
 o - a wand of flame (54)
 y - a wand of mindburst (18)
 O - a wand of roots (6)
 R - a wand of charming (13)
 V - a wand of digging (6)
Scrolls
 c - 8 scrolls of enchant armour
 d - 3 scrolls of fog
 f - 9 scrolls of teleportation
 h - 6 scrolls of poison {!r}
 l - a scroll of brand weapon
 p - 4 scrolls of enchant weapon
 u - 2 scrolls of summoning
 v - 2 scrolls of amnesia
 x - 6 scrolls of vulnerability {!r}
 A - 2 scrolls of silence
 G - a scroll of blinking
 L - a scroll of revelation
 Y - a scroll of immolation {unknown}
 Z - 2 scrolls of fear
Potions
 a - 4 potions of brilliance
 b - 5 potions of magic
 g - 3 potions of resistance
 i - 3 potions of lignification {!q}
 m - 4 potions of ambrosia
 q - 3 potions of might
 t - 5 potions of invisibility
 w - a potion of cancellation {unknown}
 B - 2 potions of enlightenment {unknown}
 E - 9 potions of haste
 I - 3 potions of mutation {unknown}
 J - 3 potions of heal wounds {@q2}
 K - 2 potions of degeneration {unknown}
 N - 3 potions of curing {@q1}
Miscellaneous
 M - a phantom mirror
 Q - a box of beasts
 S - a tin of tremorstones (2/2)


   Skills:
 - Level 14.0 Fighting
 - Level 16.0 Armour
 - Level 5.0 Dodging
 - Level 1.5 Stealth
 + Level 10.9 Shields
 - Level 20.0 Unarmed Combat
 - Level 1.3 Spellcasting
 - Level 0.6 Conjurations
 - Level 2.1 Alchemy
 - Level 10.0 Invocations
 + Level 3.6 Evocations


You had 16 spell levels left.
You knew the following spells:

 Your Spells              Type           Power      Damage    Failure   Level
a - Sting                 Conj/Alch      16%        1d4       56%         1

Your spell library contained the following spells:

 Spells                   Type           Power      Damage    Failure   Level
 Magic Dart               Conj           8%         1d3       67%         1
 Foxfire                  Conj/Fire      4%         2x1d4     71%         1
 Necrotise                Necr           0%         1d4       75%         1
 Sandblast                Erth           0%         2d4       75%         1
 Mercury Vapours          Alch/Air       6%         N/A       75%         2
 Searing Ray              Conj           4%         2d4       80%         2
 Momentum Strike          Conj/Tloc      2%         3d8       85%         2
 Static Discharge         Conj/Air       2%         3-4/arc   85%         2
 Blink                    Tloc           0%         N/A       87%         2
 Lesser Beckoning         Tloc           0%         N/A       87%         2
 Scorch                   Fire           0%         2d5       87%         2
 Sublimation of Blood     Necr           0%         N/A       87%         2
 Mephitic Cloud           Conj/Alch/Air  3%         N/A       94%         3
 Dazzling Flash           Conj/Hex       2%         N/A       97%         3
 Fugue of the Fallen      Necr           0%         N/A       98%         3
 Gell's Gravitas          Tloc           0%         N/A       98%         3
 Inner Flame              Hex/Fire       0%         N/A       98%         3
 Teleport Other           Tloc           0%         N/A       98%         3
 Vampiric Draining        Necr           0%         2d6       98%         3
 Volatile Blastmotes      Fire/Tloc      0%         2d10      98%         3
 Olgreb's Toxic Radiance  Alch           6%         N/A       99%         4
 Airstrike                Air            0%         2d(0-16)  100%        4
 Flame Wave               Conj/Fire      1%         2d4       100%        4
 Fulminant Prism          Conj/Alch      2%         3d5       100%        4
 Iskenderun's Mystic Bla  Conj/Tloc      1%         2d3       100%        4
 Martyr's Knell           Necr/Summ      0%         N/A       100%        4
 Petrify                  Alch/Erth      3%         N/A       100%        4
 Sticky Flame             Fire/Alch      3%         2d4       100%        4
 Summon Lightning Spire   Summ/Air       0%         N/A       100%        4
 Curse of Agony           Necr           0%         N/A       100%        5
 Irradiate                Conj/Alch      2%         3d12      100%        5
 Iskenderun's Battlesphe  Conj           2%         2d6       100%        5
 Silence                  Hex/Air        0%         N/A       100%        5
 Summon Forest            Summ/Tloc      0%         N/A       100%        5
 Bombard                  Conj/Erth      0%         9d1       100%        6
 Death Channel            Necr           0%         N/A       100%        6
 Dispersal                Tloc           0%         N/A       100%        6
 Plasma Beam              Fire/Air       0%         2x1d10    100%        6
 Starburst                Conj/Fire      0%         6d3       100%        6
 Summon Cactus Giant      Summ           0%         N/A       100%        6
 Spellforged Servitor     Conj/Summ      0%         N/A       100%        7
 Ignition                 Fire           0%         3d3       100%        8


Dungeon Overview and Level Annotations

Branches:
Dungeon (15/15)            Temple (1/1) D:6            Lair (5/5) D:10
 Shoals (0/4) Lair:3        Snake (2/4) Lair:3        Slime (0/5) Lair:5
    Orc (2/2) D:10            Elf (0/3) Orc:2        Vaults (0/5) D:14
 Depths (0/4) D:15         Bailey (visited)

Altars:
Ashenzari
Cheibriados
Dithmenos
Elyvilon
Fedhas
Gozag
Hepliaklqana
Kikubaaqudgha
Makhleb
Nemelex Xobeh
Okawaru
Qazlal
Ru
Sif Muna
Trog
Uskayaw
Vehumet
Wu Jian
Xom
Yredelemnul
Zin
The Shining One
Beogh
Jiyva
Lugonu

Shops:
D:4 [   D:6 !!*?*   D:9 *(   D:12 :   Orc:1 *   Orc:2 (=[*   Snake:1 *=(?

Annotations:
D:3 3 runed translucent doors, paps's ghost, weakling DsGl
D:7 2 transporters
Lair:2 Kirke


Innate Abilities, Weirdness & Mutations

You have a pair of horns on your head.
You reflexively headbutt those who attack you in melee.


Message History

You feel better.
* * * LOW HITPOINT WARNING * * *
You are poisoned.
A black mamba comes into view.
The black mamba bites you.
* * * LOW HITPOINT WARNING * * *
The black mamba barely misses you. The mana viper bites you.
* * * LOW HITPOINT WARNING * * *
You feel your power leaking away.
The black mamba bites you but does no damage.
The naga warrior roars a battlecry!
The naga ritualist goes into a battle-frenzy!
The naga warrior constricts you.
The black mamba hisses angrily.
You hear an angry hiss.
You feel much better.
You feel very sick.
* * * LOW HITPOINT WARNING * * *
You are more poisoned.
You block the black mamba's attack.
A black mamba comes into view.
You block the black mamba's attack. You block the mana viper's attack.
The black mamba bites you but does no damage.
The naga warrior hits you with a +0 hand axe.
* * * LOW HITPOINT WARNING * * *
The naga warrior constricts you. The black mamba barely misses you.
The mana viper bites you but does no damage.
The naga warrior's grasp on you weakens, but your attempt to escape fails.
You feel very sick.
* * * LOW HITPOINT WARNING * * *
You are more poisoned.
The black mamba bites you!
* * * LOW HITPOINT WARNING * * *
You block the black mamba's attack. x2; You block the mana viper's attack.
The naga warrior spits poison at you. The splash of poison hits you!
You are lethally poisoned!
* * * LOW HITPOINT WARNING * * *
The naga warrior constricts you!
You die...
Your body falls in perfect tune with the rhythm.

#####. . ......
.. ...... ##..#
..<..###
##.....
#.....##.......
#.......N......
#S.NS@).$..#
###.SS..####
#.S.#### #..#.#
#.##.# #. #.#
.. #.# ## ...
..


You could see a naga warrior (catching breath, pain bonded), a naga ritualist
(strong, toxic aura, pain bonded), a mana viper (pain bonded) and 4 black
mambas.

Vanquished Creatures
  Rupert (D:15)
  Gastronok (Lair:2)
  Donald (Orc:2)
  An emperor scorpion (D:15)
  Josephine (Lair:4)
  A rakshasa (D:13)
  4 ogre magi
  A catoblepas (Lair:5)
  2 hydras (D:15)
  3 centaur warriors
  2 anacondas (Snake:1)
  4 boulder beetles
  A tengu warrior (D:13)
  9 death yaks (Lair:5)
  A deep troll shaman (Lair:5)
  2 shock serpents (Snake:1)
  12 two-headed ogres
  5 naga sharpshooters (Snake:1)
  2 naga warriors (Snake:1)
  6 orc high priests (Orc:2)
  2 skysharks
  5 skeletal warriors
  An orb spider (shapeshifter) (D:15)
  An arcanist (D:14)
  A mana viper (Snake:2)
  A mana viper (shapeshifter) (D:15)
  A lindwurm (Lair:5)
  2 orc knights
  A deep elf pyromancer (D:14)
  Pikel (D:3)
  3 manticores
  2 salamanders
  27 ugly things
  5 elephants (Lair:5)
  6 cyclopes
  Joseph (D:7)
  A gargoyle (D:12)
  12 black mambas
  9 cane toads
  An unseen horror (D:10)
  3 centaur skeletons (D:14)
  10 komodo dragons
  4 yaktaurs
  5 kobold demonologists (D:11)
  A tengu conjurer (D:13)
  A rime drake (Lair:4)
  6 trolls
  Prince Ribbit (D:7)
  10 blink frogs
  A hornet (D:8)
  4 polar bears
  14 slime creatures
  Sigmund (D:3)
  A spriggan (Lair:2)
  Eustachio (D:5)
  6 wraiths
  3 hogs (Lair:2)
  4 basilisks
  9 wargs
  38 yaks
  4 wyverns
  4 vampire mosquitoes (D:14)
  A steam dragon (D:8)
  Menkaure (D:5)
  10 nagas
  12 water moccasins
  Edmund (D:6)
  An acid dragon (D:9)
  Duvessa (D:4)
  11 ice beasts
  4 sky beasts
  21 orc warriors
  5 black bears
  A boggart (D:14)
  2 laughing skulls (D:15)
  7 centaurs
  21 wolves
  20 ogres
  4 lemures (D:3)
  2 phantoms
  Blork the orc (D:4)
  12 kobold brigands
  12 bullfrogs
  4 scorpions
  11 wights
  Dowan (D:4)
  6 killer bees (D:7)
  4 howler monkeys
  2 electric eels
  2 bombardier beetles
  7 jellies
  29 orc priests
  A gnoll bouda (D:9)
  2 hounds (D:5)
  6 iguanas
  5 sleepcaps
  20 orc wizards
  Natasha (thrice) (D:2)
  A hell rat (D:10)
  A boggart skeleton (D:14)
  A boggart simulacrum (D:13)
  Robin (D:2)
  12 gnolls
  13 adders
  4 white imps
  A ribbon worm (D:2)
  4 dart slugs
  106 orcs
  5 ball pythons
  2 bat zombies (D:4)
  8 endoplasms
  9 giant cockroaches
  21 goblins
  20 hobgoblins
  3 jackals (D:5)
  3 quokkas
  5 bats
  A frilled lizard zombie (D:4)
  19 kobolds
  4 rats
771 creatures vanquished.

Notes
Turn   | Place    | Note
-------+----------+-------------------------------------------
     0 | D:1      | Kenran the Minotaur Alchemist began the quest for the Orb.
     0 | D:1      | Reached XP level 1. HP: 14/14 MP: 1/1
   119 | D:1      | Reached skill level 1 in Unarmed Combat
   213 | D:1      | Reached XP level 2. HP: 20/20 MP: 3/3
   218 | D:1      | Reached skill level 2 in Unarmed Combat
   983 | D:2      | Reached skill level 3 in Unarmed Combat
   983 | D:2      | Reached XP level 3. HP: 26/26 MP: 0/4
  1047 | D:2      | Noticed Robin
  1089 | D:2      | Killed Robin
  1169 | D:2      | Reached skill level 4 in Unarmed Combat
  1178 | D:2      | Noticed Natasha
  1183 | D:2      | Killed Natasha
  1184 | D:2      | Reached XP level 4. HP: 16/33 MP: 1/5
  1269 | D:2      | Noticed Natasha
  1281 | D:2      | Killed Natasha
  1349 | D:2      | Noticed Natasha
  1352 | D:2      | Killed Natasha
  1353 | D:2      | Reached skill level 5 in Unarmed Combat
  1353 | D:2      | Reached XP level 5. HP: 31/38 MP: 4/6
  2296 | D:3      | Found a bloodstained altar of Trog.
  2300 | D:3      | Found a shimmering blue altar of Sif Muna.
  2304 | D:3      | Noticed Sigmund
  2312 | D:3      | Killed Sigmund
  2313 | D:3      | Reached skill level 7 in Unarmed Combat
  2313 | D:3      | Reached XP level 6. HP: 45/45 MP: 2/7
  2468 | D:3      | Found a runed translucent gate.
  2468 | D:3      | Found a runed translucent gate.
  2468 | D:3      | Found a runed translucent gate.
  2470 | D:3      | Noticed paps's ghost (weakling DsGl)
  2495 | D:3      | Found the +7 Throatcutter {drain, coup de grace}
  3053 | D:4      | Noticed Pikel
  3387 | D:3      | Killed Pikel
  3388 | D:3      | Reached skill level 9 in Unarmed Combat
  3388 | D:3      | Reached XP level 7. HP: 13/50 MP: 2/8
  3583 | D:4      | Found a burning altar of Makhleb.
  3666 | D:4      | Noticed Blork the orc
  3672 | D:4      | Killed Blork the orc
  3887 | D:4      | Found Yhyuwn's Antique Armour Shoppe.
  3925 | D:4      | Reached skill level 10 in Unarmed Combat
  3925 | D:4      | Reached XP level 8. HP: 41/57 MP: 9/9
  4115 | D:4      | Identified the +1 leather armour of Ocustrics {Rampage
                  | Int+4}
  4186 | D:4      | Noticed Duvessa
  4187 | D:4      | Noticed Dowan
  4196 | D:4      | Killed Duvessa
  4210 | D:4      | Killed Dowan
  4380 | D:4      | Reached skill level 1 in Armour
  4431 | D:4      | Found an ancient bone altar of Kikubaaqudgha.
  4451 | D:5      | Entered Level 5 of the Dungeon
  4559 | D:5      | Noticed Eustachio
  4581 | D:5      | Killed Eustachio
  4707 | D:5      | Reached skill level 5 in Armour
  4932 | D:5      | Reached skill level 5 in Fighting
  5135 | D:5      | Noticed Menkaure
  5153 | D:5      | Killed Menkaure
  5154 | D:5      | Reached XP level 9. HP: 34/74 MP: 8/10
  5498 | D:5      | Reached skill level 11 in Unarmed Combat
  5773 | D:6      | Found Juuheirudo's Assorted Antiques.
  5833 | D:6      | Found a white marble altar of Elyvilon.
  5845 | D:6      | Noticed Edmund
  5869 | D:6      | Killed Edmund
  6072 | D:6      | Found Lunidy's Distillery.
  6196 | D:6      | Bought a potion of curing for 42 gold pieces
  6206 | D:6      | Found a basalt altar of Yredelemnul.
  6206 | D:6      | Found a snail-covered altar of Cheibriados.
  6225 | D:6      | Found Ixzoar's Distillery.
  6244 | D:6      | Found a staircase to the Ecumenical Temple.
  6274 | Temple   | Entered the Ecumenical Temple
  6285 | Temple   | Became a worshipper of Uskayaw the Reveller
  6341 | D:6      | Reached * piety under Uskayaw
  6346 | D:6      | Reached ** piety under Uskayaw
  6355 | D:6      | Reached *** piety under Uskayaw
  6539 | D:6      | Found Disemo's General Store.
  6546 | D:6      | Bought a +0 buckler of reflection for 93 gold pieces
  6625 | D:6      | Found Ametycoo's Magic Scroll Boutique.
  6952 | D:7      | Noticed Prince Ribbit
  6968 | D:7      | Killed Prince Ribbit
  6969 | D:7      | Reached skill level 12 in Unarmed Combat
  6969 | D:7      | Reached skill level 1 in Invocations
  6985 | D:7      | Found a sparkling altar of Nemelex Xobeh.
  6989 | D:7      | Noticed Joseph
  7003 | D:7      | Killed Joseph
  7005 | D:7      | Reached **** piety under Uskayaw
  7105 | D:7      | Reached XP level 10. HP: 76/88 MP: 11/11
  7209 | D:7      | Reached ***** piety under Uskayaw
  7315 | D:7      | HP: 4/88 [orc wizard/magic dart (2)]
  7540 | D:7      | Found a corrupted altar of Lugonu.
  7541 | D:7      | Noticed a brown ugly thing
  7544 | D:7      | Found a transporter.
  7633 | D:7      | Noticed a purple ugly thing
  7665 | D:7      | Found a transporter.
  7794 | D:7      | Reached skill level 5 in Dodging
  8288 | D:8      | Reached skill level 5 in Invocations
  9113 | D:9      | Found Sibiesah's Firing Range.
  9143 | D:9      | Found a shimmering altar of Xom.
  9177 | D:9      | Found a flagged portal.
  9186 | Bailey   | Entered a bailey
  9381 | Bailey   | Reached skill level 13 in Unarmed Combat
  9392 | Bailey   | Reached ****** piety under Uskayaw
  9453 | Bailey   | Noticed an orc warlord
  9480 | D:9      | Reached skill level 10 in Fighting
  9587 | D:9      | Found Zugasch's General Store.
  9890 | D:10     | Entered Level 10 of the Dungeon
 10146 | D:10     | Found a staircase to the Orcish Mines.
 10194 | D:10     | Reached XP level 11. HP: 76/99 MP: 13/13
 10459 | D:10     | Got Yfokycin's Precepts of the Creepy Plateau
 10508 | D:10     | Reached skill level 14 in Unarmed Combat
 10776 | D:10     | Found a staircase to the Lair.
 11127 | Lair:1   | Entered Level 1 of the Lair of Beasts
 12363 | D:6      | Bought a potion of experience for 700 gold pieces
 12363 | D:6      | Reached skill level 10 in Armour
 12363 | D:6      | Reached skill level 15 in Unarmed Combat
 12363 | D:6      | Reached XP level 12. HP: 112/112 MP: 14/14
 12790 | Lair:2   | Reached XP level 13. HP: 113/118 MP: 15/15
 12862 | Lair:2   | Reached skill level 16 in Unarmed Combat
 12865 | Lair:2   | Reached skill level 1 in Shields
 13564 | Lair:3   | Noticed Gastronok
 13564 | Lair:3   | Noticed Kirke
 13577 | Lair:2   | Killed Gastronok
 13961 | Lair:3   | Found a staircase to the Shoals.
 14662 | Lair:3   | Found a staircase to the Snake Pit.
 15238 | Lair:4   | Reached skill level 5 in Shields
 15538 | Lair:4   | Noticed Josephine
 15559 | Lair:4   | Killed Josephine
 16431 | Lair:5   | Entered Level 5 of the Lair of Beasts
 17125 | Lair:5   | Reached skill level 10 in Invocations
 17469 | Lair:5   | Reached XP level 14. HP: 120/126 MP: 20/20
 17560 | Lair:5   | Reached skill level 17 in Unarmed Combat
 18246 | Lair:5   | Got Seohuzas's Notes on Translocational Combat Magic
 18394 | Lair:5   | Found a staircase to the Slime Pits.
 18398 | Lair:5   | Found a viscous altar of Jiyva.
 18768 | D:6      | Bought a scroll of teleportation for 33 gold pieces
 18768 | D:6      | Bought a scroll of teleportation for 33 gold pieces
 18768 | D:6      | Bought a potion of haste for 110 gold pieces
 18806 | D:6      | Bought a scroll of teleportation for 36 gold pieces
 18806 | D:6      | Bought a scroll of enchant armour for 90 gold pieces
 18843 | D:6      | Bought a potion of heal wounds for 55 gold pieces
 18843 | D:6      | Bought a potion of heal wounds for 55 gold pieces
 18843 | D:6      | Bought a potion of curing for 33 gold pieces
 18978 | D:11     | Reached skill level 18 in Unarmed Combat
 19004 | D:11     | Found a hide-covered altar of Uskayaw.
 20607 | D:12     | Found Castrag's Book Shop.
 20963 | D:12     | You fall into a shaft and drop 2 floors!
 21289 | D:14     | Found a gate to the Vaults.
 22109 | D:13     | Found a snail-covered altar of Cheibriados.
 22565 | D:13     | Reached XP level 15. HP: 75/137 MP: 21/21
 23111 | D:13     | Identified a scroll of acquirement
 23113 | D:13     | Acquired the +3 Mad Mage's Maulers {Infuse+∞ VampMP -Cast}
 23113 | D:13     | Found the +3 Mad Mage's Maulers {Infuse+∞ VampMP -Cast}
 23536 | D:13     | Reached skill level 19 in Unarmed Combat
 23614 | Orc:1    | Entered Level 1 of the Orcish Mines
 23729 | Orc:2    | Entered Level 2 of the Orcish Mines
 24679 | Orc:2    | Found a roughly hewn altar of Beogh.
 24909 | Orc:2    | Found a staircase to the Elven Halls.
 25020 | Orc:2    | Found Zuxtan's Antique Weapon Boutique.
 25023 | Orc:2    | Found Rehes's Jewellery Shop.
 25168 | Orc:2    | Noticed Donald
 25183 | Orc:2    | Killed Donald
 25477 | Orc:2    | Found Veupnur's Armour Boutique.
 25477 | Orc:2    | Found Qicaubos's General Store.
 25848 | Orc:1    | Found Keokkea's Assorted Antiques.
 25864 | Orc:1    | Bought a potion of curing for 66 gold pieces
 26198 | D:15     | Entered Level 15 of the Dungeon
 26233 | D:15     | Noticed an emperor scorpion
 26240 | D:15     | Reached skill level 20 in Unarmed Combat
 26258 | D:15     | Killed an emperor scorpion
 26266 | D:15     | Found a staircase to the Depths.
 26475 | D:15     | Reached skill level 15 in Armour
 27253 | D:15     | Noticed Rupert
 27262 | D:15     | Killed Rupert
 27813 | Snake:1  | Entered Level 1 of the Snake Pit
 27832 | Snake:1  | Reached XP level 16. HP: 80/146 MP: 22/22
 28066 | Snake:1  | Reached skill level 1 in Evocations
 28246 | Snake:1  | Reached skill level 10 in Shields
 29024 | Snake:1  | Found Ydugim's Magic Scroll Shoppe.
 29027 | Snake:1  | Found Qioj's Weapon Shoppe.
 29028 | Snake:1  | Found Foojo's Jewellery Shoppe.
 29029 | Snake:1  | Found Xewkuc Paamp's Assorted Antiques.
 29032 | Snake:1  | Bought 2 scrolls of fear for 128 gold pieces
 29032 | Snake:1  | Bought a scroll of enchant armour for 120 gold pieces
 29032 | Snake:1  | Bought a scroll of identify for 32 gold pieces
 29032 | Snake:1  | Bought 2 scrolls of identify for 64 gold pieces
 29142 | Snake:1  | Bought a shiny plate armour for 702 gold pieces
 29196 | Snake:2  | Constricted to death by a naga warrior

Illustrated notes

Levels and vault maps discovered:
D:1:      saegor_arrival_simple_c, layout_loops_ring
D:2:      layout_loops_ring, uniq_robin, uniq_natasha
D:3:      layout_basic, hellmonk_overflow_destroyed_library,
          gammafunk_ghost_split, uniq_sigmund
D:4:      layout_basic, lemuel_zombie_altar_kikubaaqudgha, kennysheep_mini,
          nicolae_take_the_stairs, skrybe_limestone_x, minmay_joined_circles,
          uniq_blork_the_orc, uniq_pikel, uniq_duvessa
D:5:      minmay_diamond_boxcup, layout_basic, corexii_shack,
          nicolae_figureground_sparkle, uniq_eustachio, uniq_menkaure
D:6:      layout_basic, mainiacjoe_overflow_concentric_impassable,
          jmf_multi_god_temple, minmay_temple_entry_slanted, serial_shops,
          nicolae_shop_tiny_glass, shop, shop, nicolae_shop_advertising_works
          [nicolae_subvault_shop_adworks], shop, hellmonk_no_cap, uniq_edmund
D:7:      gammafunk_corrupted_shrine, layout_rooms,
          mainiacjoe_overflow_six_doors_small,
          minmay_a_box_with_orc_wizards_in_it, uniq_prince_ribbit1, uniq_joseph
D:8:      layout_loops_ring, serial_glass, glass_columns_c, glass_columns_c,
          minivault_14, grunt_decor_one_mirror
D:9:      layout_cave_pools, mainiacjoe_overflow_paths, enter_bailey_8,
          serial_shops, nicolae_shop_peninsula, nicolae_shop_firing_range
D:10:     layout_roguey, dpeg_lair_monsters, orc_0_dummy,
          kennysheep_small_circle
D:11:     minmay_ice_pillars, layout_cave_pools, dancing_weapons_uskayaw
D:12:     layout_rooms, serial_shops, shop
D:13:     layout_roguey, slow_altar_1
D:14:     layout_irregular_city, hangedman_vaults_entry_quadrant_bands,
          minmay_misc_feat_iff
D:15:     hangedman_depths_entry_try_elsewhere_first, layout_long_grid,
          nicolae_two_hexagons, uniq_rupert
Temple:   hellmonk_temple_forest_ring
Lair:1:   layout_long_grid
Lair:2:   layout_big_grid, forest_entry_grove, infiniplex_staircase_pool,
          lemuel_fruit_tree
Lair:3:   layout_hall_layers, shoals_dummy_entry, alex1729_snake_entry_snake,
          uniq_gastronok, uniq_kirke
Lair:4:   layout_long_grid, hibernation_bobbens, infiniplex_staircase_pool_2,
          serial_bayou_shore_a, uniq_josephine
Lair:5:   grunt_lair_end_beastmaster, layout_gridlike,
          minmay_slime_entry_pillars, serial_bayou_pond_c, grunt_megastairs_5,
          serial_bayou_shore_b
Snake:1:  layout_onion_interference, minmay_shop_grid_forest,
          nicolae_integral_box
Snake:2:  layout_misc_corridors, basic_altar, minmay_shop_star
Orc:1:    layout_caves, serial_shops, shop
Orc:2:    st_orc_town, layout_caves, uniq_donald

Skill      XL: |  1  2  3  4  5  6  7  8  9 10 11 12 13 14 15 16 |
---------------+-------------------------------------------------+-----
Unarmed Combat | 1 3 4 5 7 9 10 12 13 15 16 18 20 | 20.0
Fighting       | 5 8 10 12 13 14 | 14.0
Armour         | 5 10 11 12 13 16 | 16.0
Invocations    | 3 5 10 | 10.0
Dodging        | 4 5 |  5.0
Shields        | 6 9 10 | 10.9
Evocations     | 3 |  3.6
Stealth        | |  1.5
Spellcasting   | |  1.3
Conjurations   | |  0.6
Alchemy        | |  2.1

Action                     |  1- 3 |  4- 6 |  7- 9 | 10-12 | 13-15 | 16-18 || total
---------------------------+-------+-------+-------+-------+-------+-------++-------
  Melee: Unarmed           |    79 |    99 |   269 |   521 |  1248 |   130 ||  2346
         Headbutt          |     6 |    15 |    37 |    91 |   297 |    31 ||   477
         Punch             |     1 |     4 |    13 |       |       |       ||    18
   Cast: Sting             |    24 |    25 |    28 |       |       |       ||    77
 Invoke: Stomp             |       |       |       |       |     4 |       ||     4
  Evoke: Wand              |       |     2 |     2 |       |       |       ||     4
    Use: Scroll            |       |     3 |     5 |     4 |     7 |     4 ||    23
         Potion            |       |       |     2 |     4 |       |     3 ||     9
   Stab: Sleeping          |       |     2 |     5 |       |       |       ||     7
         Paralysed         |       |       |     2 |    34 |   114 |    10 ||   160
 Armour: Robe              |    11 |       |       |       |       |       ||    11
         Leather armour    |    36 |    92 |   177 |    91 |       |       ||   396
         Scale mail        |       |       |       |   256 |   793 |   122 ||  1171
         Skin              |       |       |       |       |     7 |       ||     7
  Dodge: Dodged            |    49 |    45 |   117 |   194 |   440 |    51 ||   896
  Block: Buckler           |       |       |     5 |    65 |   160 |       ||   230
         Reflection        |       |       |       |       |    10 |    13 ||    23
         Kite shield       |       |       |       |       |    86 |    78 ||   164

Table legend: (Time is in decaauts)
 A = Elapsed time spent in this place.
 B = Non-inter-level travel time spent in this place.
 C = Inter-level travel time spent in this place.
 D = Time resting spent in this place.
 E = Time spent auto-exploring this place.
 F = Levels seen in this place.
 G = Mean time per level.
                   A        B        C        D        E       F      G
               +--------+--------+--------+--------+--------+-----+--------+
         Total |  28712 |  26602 |   2110 |   9789 |  11267 |  26 | 1104.3 |
       Dungeon |  17599 |  16204 |   1395 |   5681 |   7185 |  15 | 1173.3 |
        Temple |     22 |      2 |     20 |      0 |      0 |   1 |   22.0 |
          Lair |   7283 |   6798 |    485 |   2821 |   2698 |   5 | 1456.6 |
     Snake Pit |   1346 |   1300 |     46 |    611 |    426 |   2 |  673.0 |
  Orcish Mines |   2186 |   2023 |    163 |    620 |    915 |   2 | 1093.0 |
        Bailey |    273 |    273 |      0 |     55 |     43 |   1 |  273.0 |
               +--------+--------+--------+--------+--------+-----+--------+

Top non-repeatable levels by time:
  Lair:5: 1994 daAuts
     D:3: 1568 daAuts
   Orc:2: 1514 daAuts
  Lair:4: 1511 daAuts
    D:13: 1493 daAuts
    D:11: 1447 daAuts
  Lair:2: 1435 daAuts
    D:15: 1357 daAuts
 Snake:1: 1316 daAuts
     D:6: 1308 daAuts
     D:5: 1269 daAuts
    D:10: 1258 daAuts
    D:14: 1245 daAuts
  Lair:1: 1233 daAuts
     D:9: 1154 daAuts
